 Dungeon Crawl Stone Soup version 0.31-a0-1591-g515db51633 (webtiles) character file.

Game seed: 5097854166661041436

1500 croobank the Covert (level 8, 0/43 HPs)
             Began as a Felid Delver on Jan 7, 2024.
             Was a Follower of Kikubaaqudgha.
             Slain by a water moccasin (6 damage)
             ... on level 7 of the Dungeon.
             The game lasted 00:32:56 (6374 turns).

croobank the Covert (Felid Delver)                  Turns: 6374, Time: 00:32:56

Health: 0/43       AC:  2    Str:  8    XL:     8   Next: 52%
Magic:  6/15       EV: 20    Int: 16    God:    Kikubaaqudgha [*.....]
Gold:   260        SH:  0    Dex: 18    Spells: 10/15 levels left
                                        Lives:  0   Deaths: 3

rFire   . .          .
                       - Unarmed
rCold   . . .        (shield unavailable)
rNeg    + . .        (body armour unavailable)
rPois   .            (helmet unavailable)
rElec   .            (cloak unavailable)
rCorr   .            (gloves unavailable)
SInv    +            (boots unavailable)
Will    +....        (no amulet)
Stlth   ++++         h - ring of willpower
HPRegen 0.27/turn    s - ring of positive energy
MPRegen 0.14/turn

%: no passive effects
@: weak-willed, animating dead
A: very small, claws 1, fangs 3, see invisible, shaggy fur 2, stealthy paws, no
weapons or thrown items, no armour, multi-lived
a: Renounce Religion, Unearth Wretches


You were on level 7 of the Dungeon.
You worshipped Kikubaaqudgha.
Kikubaaqudgha was aware of your devotion.
You visited 2 branches of the dungeon, and saw 8 of its levels.

You collected 260 gold pieces.

Inventory:

Jewellery
 h - a ring of willpower (left paw)
 s - a ring of positive energy (right paw)
Talismans
 m - a flux talisman
Wands
 e - a wand of digging (2)
Scrolls
 b - a scroll of silence
 o - a scroll of poison
 q - 2 scrolls of vulnerability
Potions
 f - 2 potions of enlightenment


   Skills:
 + Level 5.0 Fighting
 + Level 5.7 Dodging
 + Level 8.6 Stealth
 + Level 4.2 Unarmed Combat
 * Level 4.4 Spellcasting
 * Level 5.0 Necromancy


You had 10 spell levels left.
You knew the following spells:

 Your Spells              Type           Power      Damage    Failure   Level
a - Necrotise             Necr           76%        1d7       1%          1
b - Animate Dead          Necr           19%        N/A       21%         4

Your spell library contained the following spells:

 Spells                   Type           Power      Damage    Failure   Level
 Sublimation of Blood     Necr           19%        N/A       3%          2
 Vampiric Draining        Necr           19%        2d7       6%          3
 Dazzling Flash           Conj/Hex       6%         N/A       43%         3
 Stone Arrow              Conj/Erth      6%         3d7       43%         3
 Volatile Blastmotes      Fire/Tloc      6%         2d10      43%         3
 Ignite Poison            Fire/Alch      3%         N/A       85%         4
 Sticky Flame             Fire/Alch      3%         2d4       85%         4
 Starburst                Conj/Fire      1%         6d3       100%        6
 Ignition                 Fire           1%         3d3       100%        8
 Lehudib's Crystal Spear  Conj/Erth      1%         10d2      100%        8
 Maxwell's Capacitive Co  Air            1%         ∞         100%        8
 Animate Armour           Summ/Erth      Unusable   N/A       N/A         4

Dungeon Overview and Level Annotations

Branches:
Dungeon (7/15)             Temple (1/1) D:5

Altars:
Ashenzari
Cheibriados
Dithmenos
Elyvilon
Fedhas
Hepliaklqana
Kikubaaqudgha
Makhleb
Nemelex Xobeh
Okawaru
Qazlal
Ru
Sif Muna
Trog
Wu Jian
Zin
The Shining One

Annotations:
D:2 Terence
D:5 exclusion: 4 gnolls
D:6 !ice beast + wights
D:7 1 runed translucent door, Joseph


Innate Abilities, Weirdness & Mutations

You have sharp claws.
You have razor-sharp teeth.
You have supernaturally acute eyesight. (SInv)
You are covered in thick fur. (AC +2)
Your paws help you pounce on unaware monsters.
You are incapable of wielding weapons or throwing items.
You cannot wear armour.
You gain extra lives every three experience levels.


Message History

The water moccasin bites you.
You are poisoned.
The water moccasin poisons you! The water moccasin bites you!
You feel very sick.
You swap places.
You feel sick.
The water moccasin barely misses your orc zombie.
Your orc zombie barely misses the water moccasin.
You feel sick.
The water moccasin barely misses your orc zombie.
Your orc zombie completely misses the water moccasin.
The water moccasin barely misses your orc zombie.
You feel sick.
The water moccasin bites your orc zombie.
Your orc zombie hits the water moccasin but does no damage.
Okay, then.
As you read the scroll of vulnerability, it crumbles to dust.
A wave of despondency washes over your surroundings.
You feel sick.
The water moccasin bites your orc zombie!
Your orc zombie is destroyed!
Okay, then.
You scratch the water moccasin.
The water moccasin is severely wounded.
You feel sick. The water moccasin misses you.
You scratch the water moccasin.
The water moccasin is severely wounded.
You feel sick.
The water moccasin completely misses you.
You miss the water moccasin.
The water moccasin is severely wounded.
You feel sick.
The water moccasin completely misses you.
The water moccasin bites you but does no damage.
You closely miss the water moccasin.
The water moccasin is severely wounded.
You feel sick.
You are no longer poisoned.
The water moccasin bites you.
You die...
Kikubaaqudgha rasps: "You have failed me!
Welcome... death!"

###...........$## #.#.#
..........##### #.#.# .
####>.......# #.#.. .
............#########.##########.
.###.........##..................
...<.........##.#####.#.#........
..#...†....#....## #.#.#......#
..####.#.......S.# #.#.#.####.##
.........###~###@####.#..........
######...#.#≈#.#.............#.##
...# #.###.#≈#.###..#.###.##.#.#
#.###.....#≈#......#...#..#.#.#
#.....###.#≈#.###.####.#..#.#.#
#.##....#.#≈# ...# .#..#.#.#
##.#####.# #.#.# ##.#.#.# ...#
... ...#.# .#.#.# #### ### ###
#.#


You could see a water moccasin (weak-willed).

Vanquished Creatures
  2 ice beasts (D:7)
  5 black bears
  An ogre (D:4)
  A centaur (D:5)
  A bullfrog (D:5)
  5 scorpions
  A bombardier beetle (D:7)
  An orc priest (D:7)
  2 jellies
  2 iguanas (D:5)
  2 orc wizards
  A sleepcap (D:5)
  4 adders
  4 gnolls (D:6)
  2 white imps (D:6)
  2 dart slugs (D:3)
  16 orcs
  4 ball pythons
  8 endoplasms
  9 giant cockroaches
  8 goblins
  6 hobgoblins
  7 jackals
  3 quokkas
  5 bats
  4 frilled lizards
  4 kobolds
  5 rats
115 creatures vanquished.

Vanquished Creatures (collateral kills)
  3 orcs
3 creatures vanquished.

Vanquished Creatures (others)
  A water moccasin (D:6)
  A kobold brigand (D:7)
  A water moccasin zombie (D:6)
  An ice beast zombie (D:7)
  A kobold zombie (D:7)
  An adder zombie (D:7)
  A hobgoblin (D:7)
  A kobold (D:6)
  An endoplasm zombie (D:7)
  A frilled lizard (D:7)
  A hobgoblin zombie (D:7)
  An orc zombie (D:7)
12 creatures vanquished.

Grand Total: 130 creatures vanquished

Notes
Turn   | Place    | Note
-------+----------+-------------------------------------------
     0 | D:5      | croobank the Felid Delver began the quest for the Orb.
     0 | D:5      | Reached XP level 1. HP: 12/12 MP: 2/2
     8 | Temple   | Entered the Ecumenical Temple
    18 | Temple   | Became a worshipper of Kikubaaqudgha
    45 | D:6      | Noticed a scorpion
    66 | D:5      | Noticed a centaur
   249 | D:3      | Reached XP level 2. HP: 16/16 MP: 3/3
   913 | D:2      | Found an ornate altar of the Wu Jian Council.
  1015 | D:2      | Reached XP level 3. HP: 17/20 MP: 4/4
  1122 | D:2      | Reached * piety under Kikubaaqudgha
  1122 | D:2      | Received a gift from Kikubaaqudgha
  1341 | D:2      | Noticed Terence
  1515 | D:2      | Reached skill level 7 in Stealth
  1927 | D:3      | Reached skill level 1 in Necromancy
  2322 | D:3      | Reached XP level 4. HP: 24/24 MP: 5/5
  2322 | D:3      | Gained a life (2 lives remaining)
  2517 | D:4      | Learned a level 1 spell: Necrotise
  2555 | D:4      | Noticed a black bear
  2601 | D:4      | Noticed an ogre
  2605 | D:4      | Killed an ogre
  2605 | D:4      | Reached ** piety under Kikubaaqudgha
  2606 | D:4      | Reached skill level 1 in Spellcasting
  2606 | D:4      | Reached XP level 5. HP: 28/28 MP: 5/8
  2928 | D:4      | Killed a black bear
  3028 | D:4      | Noticed a black bear
  3036 | D:4      | Slain by a black bear
  3036 | D:4      | Lost a life (1 life remaining)
  3076 | D:4      | Killed a black bear
  3077 | D:4      | Gained mutation: You are covered in thick fur. (AC +2)
                  | [Felid growth]
  3077 | D:4      | Reached XP level 6. HP: 33/33 MP: 8/10
  3304 | D:5      | Reached XP level 7. HP: 16/37 MP: 10/12
  3304 | D:5      | Gained a life (2 lives remaining)
  3842 | D:5      | Learned a level 4 spell: Animate Dead
  4242 | D:6      | Reached skill level 8 in Stealth
  4269 | D:5      | Reached skill level 5 in Dodging
  5273 | D:6      | Reached XP level 8. HP: 23/42 MP: 11/14
  5716 | D:7      | Found an iron altar of Okawaru.
  5718 | D:7      | Found a snail-covered altar of Cheibriados.
  5948 | D:7      | Found a bloodstained altar of Trog.
  5992 | D:7      | Noticed Joseph
  6043 | D:7      | Reached skill level 5 in Fighting
  6043 | D:7      | Reached skill level 5 in Necromancy
  6086 | D:7      | Found a runed translucent door.
  6110 | D:7      | Slain by a water moccasin
  6110 | D:7      | Lost a life (1 life remaining)
  6214 | D:7      | HP: 2/43 [poisoned by a water moccasin]
  6214 | D:7      | Slain by a water moccasin
  6214 | D:7      | Lost a life (0 lives remaining)
  6374 | D:7      | Slain by a water moccasin

Illustrated notes

Levels and vault maps discovered:
D:1:      roadster_arrival_rocket_small, layout_loops_cross
D:2:      minmay_roachtagon, layout_loops_ring, basic_altar,
          kennysheep_generic_room_6, uniq_terence
D:3:      layout_loops_ring
D:4:      layout_basic
D:5:      layout_loops_cross, minmay_temple_entry_large_hall,
          portal_sewer_entry_d, nrook_mini_vaults
D:6:      layout_rooms, minmay_microvault, uniq_duvessa
D:7:      layout_basic, trog_ov_bears_minmay, nicolae_overflow_hidden_temple,
          grunt_decor_cap, lightli_church_of_beogh, uniq_joseph
Temple:   nicolae_temple_great_sept

Skill      XL: |  1  2  3  4  5  6  7  8 |
---------------+-------------------------+-----
Dodging        | 3 4 5 |  5.7
Stealth        | 7 8 |  8.6
Necromancy     | 1 2 3 4 5 |  5.0
Spellcasting   | 1 2 3 4 |  4.4
Unarmed Combat | 3 4 |  4.2
Fighting       | 4 5 |  5.0

Action                     |  1- 3 |  4- 6 |  7- 9 || total
---------------------------+-------+-------+-------++-------
  Melee: Unarmed           |   138 |    57 |   144 ||   339
         Bite              |    12 |     7 |    18 ||    37
         Punch             |     2 |     2 |     8 ||    12
   Cast: Necrotise         |       |    19 |    38 ||    57
         Animate Dead      |       |       |     4 ||     4
 Invoke: Unearth Wretches  |       |       |     5 ||     5
  Evoke: Wand              |     1 |     5 |       ||     6
    Use: Scroll            |     7 |       |    13 ||    20
         Potion            |       |     1 |     8 ||     9
   Stab: Sleeping          |    24 |     2 |     6 ||    32
         Invisible         |       |     2 |       ||     2
         Distracted        |       |       |     1 ||     1
         Paralysed         |       |       |     4 ||     4
 Armour: Skin              |    28 |    24 |    79 ||   131
  Dodge: Dodged            |    85 |    78 |   156 ||   319

Table legend: (Time is in decaauts)
 A = Elapsed time spent in this place.
 B = Non-inter-level travel time spent in this place.
 C = Inter-level travel time spent in this place.
 D = Time resting spent in this place.
 E = Time spent auto-exploring this place.
 F = Levels seen in this place.
 G = Mean time per level.
                   A        B        C        D        E       F      G
               +--------+--------+--------+--------+--------+-----+--------+
         Total |   6311 |   6101 |    210 |   1741 |   2636 |   8 |  788.9 |
       Dungeon |   6290 |   6090 |    200 |   1741 |   2636 |   7 |  898.6 |
        Temple |     20 |     10 |     10 |      0 |      0 |   1 |   20.0 |
               +--------+--------+--------+--------+--------+-----+--------+

Top non-repeatable levels by time:
     D:5: 1267 daAuts
     D:6: 1245 daAuts
     D:2: 1007 daAuts
     D:4: 759 daAuts
     D:7: 739 daAuts
     D:3: 651 daAuts
     D:1: 620 daAuts
  Temple: 20 daAuts
